cohdb
Replays
Latest Replays
All Replays
Popular Replays
Top Player Replays
Match Explorer
How It Works
Community
CoH3 Stats
Reddit
Sign in to upload your games and track your stats! →
Sign in with Steam
Match 39226567
Unlisted
Match 39226567
Overview
Messages
Build Orders
End
Selects Mechanized Battlegroup
Construct Infanterie Kompanie
Grenadier Squad
Grenadier Squad
Grenadier Squad
Infanterie Officer Quarters
MG 42 Machine Gun Team
Selects Raid Package
Construct Luftwaffe Kompanie
Flak 30 Anti-aircraft Gun Team
Selects StuG Assault Group
StuG Assault Group
Selects Spotting Scopes
Construct Panzer Kompanie
Selects UNKNOWN (2160084)
Sturmpanzer IV Brummbär
Selects Wespe Self-propelled Artillery
Selects Zeroing Artillery Barrage
Wespe Self-propelled Artillery
Zeroing Artillery Barrage
Stoßtruppen Squad
Pioneer Squad
Zeroing Artillery Barrage
Pioneer Squad
Sturmpanzer IV Brummbär
BIOHAZARD
=BIA=Daghito
=BIA=Obersky
Magic Thong
Gerald Bowmans
HeadTACO
0
0
Comments
sign in to comment!
No comments posted yet!